 Dungeon Crawl Stone Soup version 0.29.1-2-gbd0b4ee654 (webtiles) character file.

Game seed: 11969142045114025595

65 GorkyZ the Poker (level 4, -4/34 HPs)
             Began as a Formicid Gladiator on Nov 21, 2022.
             Slain by a gnoll
             ... wielding a +0 whip
              (8 damage)
             ... on level 2 of the Dungeon.
             The game lasted 00:03:41 (1411 turns).

GorkyZ the Poker (Formicid Gladiator)               Turns: 1411, Time: 00:03:41

Health: -4/34      AC:  6    Str: 21    XL:     4   Next: 35%
Magic:  4/4        EV: 12    Int:  7    God:
Gold:   35         SH:  0    Dex: 15    Spells: 3/3 levels left

rFire   . . .      SeeInvis +   q - +0 hand axe
rCold   . . .      Faith    .   (no shield)
rNeg    . . .      Spirit   .   e - +0 ring mail
rPois   .          Reflect  .   (helmet unavailable)
rElec   .          Harm     .   (no cloak)
rCorr   .          Rampage  .   (no gloves)
Will    .....                   m - +0 pair of boots
Stlth   +.........              (no amulet)
HPRegen 0.11/turn               (no ring)
MPRegen 0.09/turn               (no ring)

@: no status effects
A: permanent stasis, dig shafts and tunnels, antennae 3, four strong arms
a: Dig, Shaft Self


You were on level 2 of the Dungeon.
You visited 1 branch of the dungeon, and saw 2 of its levels.

You collected 35 gold pieces.

Inventory:

Hand Weapons
 a - a +0 trident
 q - a +0 hand axe (weapon)
Missiles
 c - 3 throwing nets (quivered)
 d - a javelin
 n - 6 curare-tipped darts
Armour
 b - a +0 leather armour
 e - a +0 ring mail (worn)
 m - a +0 pair of boots (worn)
Jewellery
 j - a ring of willpower
Scrolls
 f - 2 scrolls of teleportation {unknown}
 g - 3 scrolls of identify {unknown}
 h - a scroll of summoning {unknown}
 i - a scroll of immolation {unknown}
 k - a scroll of blinking {unknown}
 p - a scroll of vulnerability {unknown}
Potions
 l - a potion of magic {unknown}
 o - a potion of heal wounds {unknown}


   Skills:
 + Level 2.6 Fighting
 + Level 3.4 Polearms
 + Level 2.3 Throwing
 + Level 1.2 Armour
 + Level 3.0 Dodging
 + Level 1.3 Shields
 + Level 1.2 Evocations


You had 3 spell levels left.
You didn't know any spells.
Your spell library was empty.

Dungeon Overview and Level Annotations

Branches:
Dungeon (2/15)

Altars:


Innate Abilities, Weirdness & Mutations

You cannot be hasted, slowed, berserked, paralysed or teleported.
You can dig through walls and to a lower floor.
You have a pair of large antennae on your head. (SInv)
Your four strong arms can wield two-handed weapons with a shield.


Message History

Press: ? - help, Dir - move target, f - you That would be overly suicidal.
Okay, then.
Cleave: q) +0 hand axe
Press: ? - help, Dir - move target, f - gnoll
Aim: a gnoll, wielding a +0 spear (about 36% to evade your +0 hand axe)
Your weapon can't reach that far!
Okay, then.
The gnoll closely misses you.
You see here a +0 whip.
You hit the gnoll.
The gnoll is heavily wounded.
The gnoll hits you but does no damage.
You hit the gnoll.
The gnoll is severely wounded.
The gnoll barely misses you.
You hit the gnoll.
The gnoll is almost dead.
The gnoll barely misses you. The gnoll hits you with a +0 spear.
You hit the gnoll.
You kill the gnoll!
Your Dodging skill increases to level 3!
You hit the gnoll.
The gnoll is moderately wounded.
The gnoll hits you with a +0 whip.
You hit the gnoll.
The gnoll is severely wounded.
The gnoll hits you with a +0 whip.
* * * LOW HITPOINT WARNING * * *
You hit the gnoll but do no damage.
The gnoll is severely wounded.
The gnoll hits you with a +0 whip.
* * * LOW HITPOINT WARNING * * *
You closely miss the gnoll.
The gnoll is heavily wounded.
The gnoll misses you. The gnoll barely misses you.
You hit the gnoll.
The gnoll is almost dead.
The gnoll hits you with a +0 whip!
You die...

#.................
#.###.............
#.# #.#########...
#.# #.# #... #.#
#.# #... #.###.#
#... #...#.######
####
######.#.#....#
####
#..g@..#.#....#
#...
#.?...#####.#....#
#... .....
#.#....## #...
.... #.#.....#
#... .## #.#.....#
#...
#.##'##.###...
#.##.##...'...
#.##.######...
#.##.# ###.


You could see a gnoll.

Vanquished Creatures
  2 adders (D:2)
  2 gnolls (D:2)
  A dart slug (D:1)
  An endoplasm (D:1)
  3 giant cockroaches
  A hobgoblin (D:1)
  2 quokkas (D:1)
  2 ball pythons (D:1)
  3 bats (D:1)
  3 frilled lizards (D:1)
  A goblin (D:2)
  3 kobolds
  6 rats
30 creatures vanquished.

Notes
Turn   | Place    | Note
-------+----------+-------------------------------------------
     0 | D:1      | GorkyZ the Formicid Gladiator began the quest for the Orb.
     0 | D:1      | Reached XP level 1. HP: 16/16 MP: 1/1
   178 | D:1      | Reached XP level 2. HP: 16/22 MP: 2/2
   625 | D:1      | Reached XP level 3. HP: 28/28 MP: 3/3
  1088 | D:2      | Reached skill level 1 in Evocations
  1093 | D:2      | Reached skill level 1 in Shields
  1171 | D:2      | Reached skill level 1 in Armour
  1402 | D:2      | Reached XP level 4. HP: 17/34 MP: 4/4
  1411 | D:2      | Slain by a gnoll

Illustrated notes

Levels and vault maps discovered:
D:1:      lemuel_arrival_room, layout_basic
D:2:      layout_basic, basic_altar, serial_curves, eino_curves_02,
          eino_curves_02

Skill      XL: |  1  2  3  4 |
---------------+-------------+-----
Evocations     | 1 |  1.2
Shields        | 1 |  1.3
Armour         | 1 |  1.2
Dodging        | 3 |  3.0
Fighting       | |  2.6
Polearms       | |  3.4
Throwing       | |  2.3

Action                   |  1- 3 |  4- 6 || total
-------------------------+-------+-------++-------
Melee: Trident           |    78 |       ||    78
       Hand axe          |     7 |     9 ||    16
       Punch             |     1 |       ||     1
Armor: Ring mail         |    32 |     1 ||    33
Dodge: Dodged            |    58 |     5 ||    63
